 Dungeon Crawl Stone Soup version 0.28.0-1-gb440e238dd (webtiles) character file.

Game seed: 10144731565531595095

17 issech the Cudgeller (level 2, 0/29 HPs)
             Began as a Troll Monk on Feb 25, 2022.
             Succumbed to Sigmund's poison
             ... on level 1 of the Dungeon.
             The game lasted 00:02:14 (1084 turns).

issech the Cudgeller (Troll Monk)                   Turns: 1084, Time: 00:02:14

Health: 0/29       AC:  4    Str: 18    XL:     2   Next: 44%
Magic:  1/1        EV: 10    Int:  6    God:
Gold:   2          SH:  0    Dex: 12    Spells: 1/1 levels left

rFire   . . .      SeeInvis .   a - +0 mace
rCold   . . .      Faith    .   (no shield)
rNeg    . . .      Spirit   .   b - +0 robe
rPois   .          Reflect  .   (helmet restricted)
rElec   .          Harm     .   (no cloak)
rCorr   .          Rampage  .   (gloves unavailable)
Will    .....                   (boots unavailable)
Stlth   ++........              (no amulet)
HPRegen 0.89/turn               (no ring)
MPRegen 0.07/turn               (no ring)

@: lethally poisoned (0 -> -3)
A: large, unfitting armour, claws 3, regeneration 1, shaggy fur 1, tough skin 1
a: no special abilities


You were on level 1 of the Dungeon.
You visited 1 branch of the dungeon, and saw 2 of its levels.

You collected 2 gold pieces.

Inventory:

Hand Weapons
 a - a +0 mace (weapon)
Missiles
 d - 25 stones (quivered)
 f - 6 atropa-tipped darts
 i - 19 sling bullets
Armour
 b - a +0 robe (worn)
Scrolls
 c - 2 scrolls of teleportation {unknown}
 e - a scroll of silence {unknown}
 g - a scroll of noise {unknown}
 j - a scroll of immolation {unknown}
Potions
 h - a potion of heal wounds {unknown}


   Skills:
 + Level 2.5 Fighting
 + Level 3.1 Maces & Flails
 + Level 2.6 Dodging
 + Level 1.0 Stealth


You had one spell level left.
You didn't know any spells.
Your spell library contained the following spells:

 Spells                   Type           Power      Damage    Failure   Level
 Alistair's Intoxication  Tmut/Pois      0%         N/A       100%        5
 Borgnjor's Vile Clutch   Necr/Erth      0%         N/A       100%        5
 Eringya's Noxious Bog    Tmut/Pois      0%         N/A       100%        6


Dungeon Overview and Level Annotations

Branches:
Dungeon (2/15)

Altars:

Annotations:
D:2 Sigmund


Innate Abilities, Weirdness & Mutations

You are too large for most types of armour.
You have claws for hands.
Your natural rate of healing is unusually fast.
You are covered in fur. (AC +1)
You have tough skin. (AC +1)


Message History

You're too confused to move!
You feel very sick. Sigmund hits you but does no damage.
You are more poisoned.
You feel very sick. The rat bites you but does no damage.
You feel very sick.
Sigmund points at you and mumbles some strange words.
The magic dart hits you. The rat closely misses you.
You bump into the rock wall.
You feel very sick.
Sigmund whispers, "You'll know eternity soon."
Sigmund casts a spell.
Sigmund flickers and vanishes!
Deactivating autopickup; reactivate with Ctrl-A.
The rat barely misses you.
You're too confused to move!
You feel sick. The rat barely misses you.
You feel less confused.
You feel sick.
There is a stone staircase leading up here.
You feel sick.
You feel sick.
You feel sick.
A puff of flame appears from out of thin air!
The puff of flame hits you!
* * * LOW HITPOINT WARNING * * *
You feel sick.
You feel sick.
You are no longer poisoned.
The rat closely misses you.
There is a stone staircase leading up here.
Something hits you but does no damage.
You are lethally poisoned!
The rat barely misses you.
You climb upwards.
Reactivating autopickup.
* * * LOW HITPOINT WARNING * * *
You feel very sick.
There is a stone staircase leading down here.
You die...

##### #...#
#########.#.#
#......##.#.#
#########
#.####.##.#.#######
#.......#
#.#.............@>#
#....##.#
....#..##.#.#####r#
#.....#.#
#.#....##.#.# #.#
#........
#......##.#.# #.#
#.....#.#
#......##...# #.#
#....##.#
####.######## #.#
#.#.###.# #.# #.#
#.......# #.# #.#
###.##### ##+## #.#
#.# #


You could see a rat.

Vanquished Creatures
  A dart slug (D:1)
  A bat (D:1)
  2 goblins (D:1)
  A hobgoblin (D:1)
  2 jackals (D:2)
  3 ball pythons (D:1)
  2 kobolds (D:1)
  2 rats (D:1)
14 creatures vanquished.

Notes
Turn   | Place    | Note
-------+----------+-------------------------------------------
     0 | D:1      | issech the Troll Monk began the quest for the Orb.
     0 | D:1      | Reached XP level 1. HP: 22/22 MP: 0/0
   155 | D:1      | Reached skill level 3 in Maces & Flails
   333 | D:1      | Reached XP level 2. HP: 29/29 MP: 1/1
  1012 | D:2      | Noticed Sigmund
  1083 | D:1      | HP: 1/29 [poisoned by Sigmund]
  1084 | D:1      | Succumbed to Sigmund's poison

Illustrated notes

Levels and vault maps discovered:
D:1:      dpeg_arrival_simpleton_c, layout_loops_corners
D:2:      layout_basic, shapermc_ecumenical_altar_notcrosses, uniq_sigmund

Skill      XL: |  1 |
---------------+----+-----
Maces & Flails | 3 |  3.1
Fighting       | |  2.5
Dodging        | |  2.6
Stealth        | |  1.0

Action                   || total
-------------------------++-------
Melee: Mace              ||    45
Armor: Robe              ||    22
Dodge: Dodged            ||    32
